 Dungeon Crawl Stone Soup version 0.29-a0-857-g9b1aa3ac5b (webtiles) character file.

Game seed: 4466297179476081481

995 nxtlvl the Cutter (level 7, 0/40 HPs)
             Began as a Deep Elf Monk on July 16, 2022.
             Shot with a sling bullet by Joseph (18 damage)
             ... on level 7 of the Dungeon.
             The game lasted 00:28:09 (3024 turns).

nxtlvl the Cutter (Deep Elf Monk)                   Turns: 3024, Time: 00:28:09

Health: 0/40       AC:  7    Str:  8    XL:     7   Next: 99%
Magic:  18/18      EV: 15    Int: 17    God:
Gold:   240        SH:  0    Dex: 27    Spells: 13/18 levels left

rFire   + . .      SeeInvis .   a - +0 rapier
rCold   . . .      Faith    .   (no shield)
rNeg    . . .      Spirit   .   t - +1 robe of Bufor {rF+ Dex+4}
rPois   .          Reflect  .   m - +1 hat
rElec   .          Harm     .   f - +0 cloak
rCorr   .          Rampage  .   g - +0 pair of gloves
Will    .....                   h - +0 pair of boots
Stlth   +++.......              (no amulet)
HPRegen 0.13/turn               j - +6 ring of dexterity
MPRegen 0.16/turn               (no ring)

@: no status effects
A: no striking features
a: no special abilities


You were on level 7 of the Dungeon.
You visited 1 branch of the dungeon, and saw 7 of its levels.

You collected 240 gold pieces.

Inventory:

Hand Weapons
 a - a +0 rapier (weapon)
 e - the +5 broad axe of Ennep {flame, Str+6}
   (You found it on level 6 of the Dungeon)

   It burns those it strikes, dealing additional fire damage.
   Big, fiery blades are also staple armaments of hydra-hunters.
   Str:       It affects your strength (+6).
Missiles
 s - 4 poisoned darts (quivered)
 A - a curare-tipped dart
Armour
 f - a +0 cloak (worn)
 g - a +0 pair of gloves (worn)
 h - a +0 pair of boots (worn)
 m - a +1 hat (worn)
 t - the +1 robe of Bufor (worn) {rF+ Dex+4}
   (You found it on level 5 of the Dungeon)

   Dex:       It affects your dexterity (+4).
   rF:        It protects you from fire.
Magical Staves
 B - a staff of death
Jewellery
 j - a +6 ring of dexterity (left hand)
 v - a ring of ice
Scrolls
 b - a scroll of torment {unknown}
 i - 2 scrolls of poison {unknown}
 p - a scroll of vulnerability {unknown}
 r - 4 scrolls of teleportation {unknown}
 w - a scroll of brand weapon {unknown}
 z - a scroll of silence {unknown}
 C - a scroll of fear {unknown}
 D - a scroll of enchant armour {unknown}
Potions
 c - 2 potions of ambrosia
 d - a potion of heal wounds
 k - a potion of lignification
 l - a potion of mutation
 n - a potion of curing
 o - a potion of attraction
 q - a potion of berserk rage {unknown}
 u - 2 potions of flight {unknown}
 x - a potion of haste {unknown}
 E - a potion of brilliance {unknown}


   Skills:
 - Level 2.4 Fighting
 + Level 6.7 Short Blades
 - Level 3.6 Dodging
 - Level 2.4 Stealth
 + Level 6.0 Spellcasting
 + Level 5.0 Conjurations
 * Level 1.4 Earth Magic


You had 13 spell levels left.
You knew the following spells:

 Your Spells              Type           Power      Damage    Failure   Level
x - Stone Arrow           Conj/Erth      32%        3d9       10%         3
z - Magic Dart            Conj           88%        1d7       1%          1
Z - Sandblast             Erth           18%        2d7       7%          1

Your spell library contained the following spells:

 Spells                   Type           Power      Damage    Failure   Level
 Apportation              Tloc           10%        N/A       13%         1
 Necrotise                Necr           20%        1d5       13%         1
 Summon Small Mammal      Summ           20%        N/A       13%         1
 Passwall                 Tmut/Erth      5%         N/A       14%         2
 Blink                    Tloc           10%        N/A       19%         2
 Call Imp                 Summ           5%         N/A       19%         2
 Mephitic Cloud           Conj/Pois/Air  10%        N/A       19%         3
 Gell's Gravitas          Tloc           5%         N/A       36%         3
 Teleport Other           Tloc           5%         N/A       36%         3
 Manifold Assault         Tloc           5%         N/A       98%         5
 Dispersal                Tloc           2%         N/A       100%        6
 Storm Form               Tmut/Air       2%         N/A       100%        7


Dungeon Overview and Level Annotations

Branches:
Dungeon (7/15)
 Temple: D:4-7

Altars:
Ashenzari
Elyvilon
Fedhas
Gozag
Hepliaklqana
Kikubaaqudgha
Okawaru
Ru
Sif Muna
Yredelemnul

Annotations:
D:4 Grinder
D:7 Joseph


Message History

You kill the howler monkey!
Your Spellcasting skill increases to level 6!
Your Conjurations skill increases to level 5!
Your Earth Magic skill increases to level 1!
The helpless iguana fails to defend itself.
You impale the iguana!!
You kill the iguana!
Press: ? - help, v - describe, . - travel
Here: an ice beast (asleep)
The floor.
Press: ? - help, v - describe, . - travel, g - get item
Here: a steam dragon (asleep) Item here: an encrusted golden ring.
The floor.
Unknown command.
You climb downwards.
There is a stone staircase leading up here.
Magic restored.
Joseph, a Mercenary comes into view.
He is wielding a +0 quarterstaff and carrying a wand of paralysis (11).
Aiming: Paralyse
Press: ? - help, Shift-Dir - straight line, f - Joseph
Aim: Joseph, wielding a +0 quarterstaff, wearing a +0 leather armour and carrying a wand of paralysis (11) (chance to affect: 31%) Joseph easily resists.
Joseph unwields a +0 quarterstaff.
Joseph wields a +0 sling.
Joseph shoots a sling bullet.
The sling bullet hits you!
Aiming: Paralyse
Press: ? - help, Shift-Dir - straight line, f/p - Joseph
Aim: Joseph, wielding a +0 sling, wearing a +0 leather armour and carrying a wand of paralysis (11) (chance to affect: 31%) Joseph easily resists.
Joseph shoots a sling bullet.
The sling bullet hits you!
Aiming: Paralyse
Press: ? - help, Shift-Dir - straight line, f/p - Joseph
Aim: Joseph, wielding a +0 sling, wearing a +0 leather armour and carrying a wand of paralysis (11) (chance to affect: 31%) Joseph easily resists.
Joseph says, "I'm happy to see you. And I'll be happy to kill you."
Aiming: Paralyse
Press: ? - help, Shift-Dir - straight line, f/p - Joseph
Aim: Joseph, wielding a +0 sling, wearing a +0 leather armour and carrying a wand of paralysis (11) (chance to affect: 31%) Joseph easily resists.
The now-empty wand crumbles to dust.
Joseph shoots a sling bullet.
The sling bullet hits you!!
You die...

##c ##### #.#
#.# #.# #.#
#.# #.# #.#
##.####.# #.#
#.......# #.#
#..######
###.###..#
#.###...>....#
#............#
####..@######
##.## #.# #.#
. #@# . #.# #
#.....@..
#.#####.. #.#


You could see Joseph.

Vanquished Creatures
  A sky beast (D:7)
  A kobold brigand (D:6)
  3 necrophages
  A bullfrog (D:6)
  2 scorpions (D:5)
  2 howler monkeys
  3 hounds
  3 jellies
  A gnoll bouda (D:6)
  An iguana (D:6)
  3 adders
  4 gnolls (D:6)
  2 ufetubi
  3 worms
  3 dart slugs
  13 orcs
  A bat (D:1)
  6 endoplasms
  2 giant cockroaches
  7 goblins
  4 hobgoblins
  10 kobolds
  3 quokkas
  2 ball pythons
  4 frilled lizards
  4 rats
89 creatures vanquished.

Vanquished Creatures (others)
  8 plants (D:4)
8 creatures vanquished.

Grand Total: 97 creatures vanquished

Notes
Turn   | Place    | Note
-------+----------+-------------------------------------------
     0 | D:1      | nxtlvl the Deep Elf Monk began the quest for the Orb.
     0 | D:1      | Reached XP level 1. HP: 13/13 MP: 3/3
   164 | D:2      | Reached XP level 2. HP: 18/18 MP: 4/4
   437 | D:1      | Reached XP level 3. HP: 18/22 MP: 5/5
   822 | D:3      | Found a white marble altar of Elyvilon.
  1073 | D:3      | Found a shimmering blue altar of Sif Muna.
  1093 | D:3      | Learned a level 1 spell: Magic Dart
  1170 | D:4      | Found a hazy altar of Hepliaklqana.
  1184 | D:4      | Reached XP level 4. HP: 27/27 MP: 6/6
  1208 | D:5      | Entered Level 5 of the Dungeon
  1264 | D:5      | Reached skill level 5 in Short Blades
  1393 | D:5      | Identified the +1 robe of Bufor {rF+ Dex+4}
  1446 | D:5      | Noticed a necrophage
  1462 | D:5      | Noticed a scorpion
  1472 | D:5      | Killed a scorpion
  1473 | D:5      | Reached skill level 1 in Spellcasting
  1473 | D:5      | Reached skill level 1 in Conjurations
  1473 | D:5      | Reached XP level 5. HP: 23/31 MP: 5/9
  1526 | D:4      | Noticed Grinder
  1527 | D:4      | Found an opulent altar of Gozag.
  1611 | D:4      | Found an iron altar of Okawaru.
  1681 | D:4      | Found an ancient bone altar of Kikubaaqudgha.
  1760 | D:5      | Reached XP level 6. HP: 34/36 MP: 8/12
  1802 | D:5      | Found a blossoming altar of Fedhas.
  1937 | D:5      | Found a sacrificial altar of Ru.
  2054 | D:6      | Reached XP level 7. HP: 11/40 MP: 15/15
  2108 | D:6      | Identified the +5 broad axe of Ennep {flame, Str+6}
  2253 | D:6      | Noticed a steam dragon
  2301 | D:6      | Found a basalt altar of Yredelemnul.
  2347 | D:6      | Reached skill level 5 in Spellcasting
  2619 | D:7      | Learned a level 1 spell: Sandblast
  2623 | D:7      | Learned a level 3 spell: Stone Arrow
  2886 | D:7      | Found a broken altar of Ashenzari.
  2965 | D:6      | Reached skill level 5 in Conjurations
  2965 | D:6      | Reached skill level 1 in Earth Magic
  3015 | D:7      | Noticed Joseph
  3024 | D:7      | Shot with a sling bullet by Joseph

Illustrated notes

Levels and vault maps discovered:
D:1:      lordsloth_arrival_two_stooges, layout_basic,
          shapermc_ecumenical_altar_petra
D:2:      layout_rooms, minmay_misc_feat_tower
D:3:      layout_basic, mainiacjoe_overflow_boulevard, elyvilon_altar_3
D:4:      layout_basic, mainiacjoe_overflow_six_doors_small, kennysheep_mini,
          lemuel_doored_altar, nicolae_overflow_crystal_walls, serial_forest,
          infiniplex_forest_clump_tiny, infiniplex_forest_zigzag_2,
          infiniplex_forest_straight_2, infiniplex_forest_lined_4_way,
          infiniplex_forest_lined_2, infiniplex_forest_clump_tiny,
          infiniplex_forest_lined_3_way, infiniplex_forest_clump_long,
          infiniplex_forest_lined_3_way, infiniplex_forest_clump_C,
          biasface_ghost_orc_armoury, nrook_campfire, saegor_snake_ambush,
          uniq_grinder
D:5:      layout_loops_ring, lemuel_coloured_pillars_altar,
          nicolae_ru_path_of_blood
D:6:      minmay_diamond_boxcup, layout_basic, old_standard_altar,
          kennysheep_doodads, st_stairs_4, eino_tiny_chamber, uniq_maggie
D:7:      layout_loops_ring, lemuel_tele_altar, kennysheep_mini_moat,
          minmay_temple_entry_grid, serial_aquarium, aquarium_bridge_straight
          [aquarium_subvault_bridge, aquarium_subvault_window,
          aquarium_subvault_bridge, aquarium_subvault_balcony],
          aquarium_bridge_long_joined [aquarium_subvault_wall,
          aquarium_subvault_wall, aquarium_subvault_wall,
          aquarium_subvault_bridge, aquarium_subvault_bridge,
          aquarium_subvault_wall], aquarium_window_1, aquarium_window_corner,
          aquarium_window_corridor_1, aquarium_view_2e, aquarium_balcony_1b,
          kennysheep_generic_room_9, uniq_joseph

Skill      XL: |  1  2  3  4  5  6  7 |
---------------+----------------------+-----
Short Blades   | 4 5 6 |  6.7
Spellcasting   | 1 2 4 6 |  6.0
Conjurations   | 1 2 3 5 |  5.0
Earth Magic    | 1 |  1.4
Fighting       | |  2.4
Dodging        | |  3.6
Stealth        | |  2.4

Action                   |  1- 3 |  4- 6 |  7- 9 || total
-------------------------+-------+-------+-------++-------
Melee: Short sword       |   123 |    85 |       ||   208
       Rapier            |       |    14 |    44 ||    58
       Punch             |       |     1 |     1 ||     2
Throw: Dart              |    25 |    10 |     9 ||    44
 Cast: Magic Dart        |       |    38 |    24 ||    62
       Stone Arrow       |       |       |     2 ||     2
Evoke: Wand              |       |     7 |     8 ||    15
  Use: Scroll            |       |       |     5 ||     5
 Stab: Sleeping          |     4 |     1 |     5 ||    10
       Distracted        |     1 |       |       ||     1
Armor: Ring mail         |    32 |     7 |       ||    39
       Robe              |       |    13 |     4 ||    17
Dodge: Dodged            |    51 |    79 |    25 ||   155

Table legend: (Time is in decaauts)
 A = Elapsed time spent in this place.
 B = Non-inter-level travel time spent in this place.
 C = Inter-level travel time spent in this place.
 D = Time resting spent in this place.
 E = Time spent auto-exploring this place.
 F = Levels seen in this place.
 G = Mean time per level.
                   A        B        C        D        E       F      G
               +--------+--------+--------+--------+--------+-----+--------+
         Total |   2992 |   2913 |     79 |      0 |     14 |   7 |  427.4 |
       Dungeon |   2992 |   2913 |     79 |      0 |     14 |   7 |  427.4 |
               +--------+--------+--------+--------+--------+-----+--------+

Top non-repeatable levels by time:
     D:6: 672 daAuts
     D:5: 568 daAuts
     D:3: 537 daAuts
     D:1: 418 daAuts
     D:7: 343 daAuts
     D:4: 257 daAuts
     D:2: 193 daAuts
